 Dungeon Crawl Stone Soup version 0.31-a0-236-g9a0961fb85 (webtiles) character file.

Game seed: 243759887941182107

39 qw the Shooter (level 3, -1/21 HPs)
             Began as a Gargoyle Hexslinger on July 10, 2023.
             Slain by Terence
             ... wielding a +0 trident
              (4 damage)
             ... on level 3 of the Dungeon.
             The game lasted 00:00:32 (1534 turns).

qw the Shooter (Gargoyle Hexslinger)                Turns: 1534, Time: 00:00:33

Health: -1/21      AC:  8    Str: 11    XL:     3   Next: 47%
Magic:  4/4        EV: 10    Int: 13    God:
Gold:   20         SH:  0    Dex: 20    Spells: 3/4 levels left

rFire   . . .        Y - +1 sling
rCold   . . .        (no shield)
rNeg    + . .        d - +0 ring mail
rPois   inf          (no helmet)
rElec   +            e - scarf {repulsion}
rCorr   .            (no gloves)
SInv    .            (no boots)
Will    .....        (no amulet)
Stlth   +            a - +6 ring of dexterity
HPRegen 0.23/turn    (no ring)
MPRegen 0.09/turn

%: repel missiles
@: no status effects
A: sickness immunity, AC +3, negative energy resistance 1, electricity
resistance, torment resistance 1, petrification resistance
a: no special abilities


You were on level 3 of the Dungeon.
You visited 1 branch of the dungeon, and saw 3 of its levels.

You collected 69 gold pieces.
You spent 49 gold pieces at shops.


Innate Abilities, Weirdness & Mutations

You are immune to sickness and miasma.
Your stone body is resilient. (AC +3)
You are immune to poison.
You resist negative energy. (rN+)
You are resistant to electric shocks. (rElec)
You are resistant to unholy torment.
You are immune to petrification.


   Skills:
 - Level 2.0 Fighting
 + Level 3.4 Ranged Weapons
 - Level 1.5 Dodging
 - Level 1.0 Spellcasting
 - Level 2.6 Hexes


You had 3 spell levels left.
You knew the following spells:

 Your Spells              Type           Power      Damage    Failure   Level
a - Slow                  Hex            28%        N/A       22%         1

Your spell library contained the following spells:

 Spells                   Type           Power      Damage    Failure   Level
 Inner Flame              Hex/Fire       4%         N/A       75%         3
 Portal Projectile        Hex/Tloc       8%         N/A       75%         3
 Cause Fear               Hex            3%         N/A       92%         4

Inventory:

Hand Weapons
 Y - a +1 sling (weapon)
Armour
 d - a +0 ring mail (worn)
 e - a scarf of repulsion (worn)
Jewellery
 a - a +6 ring of dexterity (left hand)
 c - an amulet of guardian spirit
Scrolls
 b - a scroll of identify
Potions
 g - 3 potions of curing {unknown}
 h - a potion of attraction {unknown}

Dungeon Overview and Level Annotations

Branches:
Dungeon (3/15)

Altars:

Shops:
D:2 *

Annotations:
D:3 Terence


Message History

You shoot a sling bullet. The sling bullet hits the kobold.
The kobold is moderately wounded.
You shoot a sling bullet.
The sling bullet closely misses the kobold.
You shoot a sling bullet. The sling bullet hits the kobold.
You kill the kobold!
Things that are here:
a +2 whip of draining; a kobold corpse
c - an amulet of guardian spirit Terence the Incautious comes into view.
He is wielding a +0 trident, wearing a +2 chain mail of fire resistance and carrying a wand of flame (18).
Found a whip.
Terence shouts!
You hear a shout!
You shoot a sling bullet. The sling bullet barely misses Terence.
Terence screams, "I want your blood!"
You shoot a sling bullet.
The sling bullet hits Terence but does no damage.
Terence says, "Did you write a will?
You should..."
Terence zaps a wand.
The puff of flame is repelled.
Terence hits you from afar with a +0 trident.
You shoot a sling bullet.
The sling bullet hits Terence but does no damage.
Terence barely misses you.
You shoot a sling bullet. The sling bullet hits Terence!
Terence is moderately wounded.
Terence zaps a wand.
The puff of flame is repelled.
You shoot a sling bullet. The sling bullet barely misses Terence.
Terence zaps a wand.
The puff of flame hits you!
Terence zaps a wand.
The puff of flame hits you.
1531 ||| UPGRADING to amulet of guardian spirit.
You start putting on your amulet.
You continue putting on your amulet of guardian spirit.
Terence hits you from afar with a +0 trident.
Keep equipping yourself?
You continue putting on your amulet of guardian spirit.
Terence zaps a wand.
The puff of flame is repelled.
You continue putting on your amulet of guardian spirit.
Terence zaps a wand.
The puff of flame is repelled.
You continue putting on your amulet of guardian spirit.
Terence hits you from afar with a +0 trident.
You die...

### ....
######..###
###..@.S....#
#.#.#.#.#.#@.)...
..........# ....#
#.##+##.### .#.#
###..#...#.)# # .
#..#.+...'.#...#
.....#...#..####
#.##.##'##.###
#.#..........#


You could see Terence and a ball python (wandering).

Vanquished Creatures
  An adder (D:2)
  2 ball pythons
  2 endoplasms
  5 goblins
  4 hobgoblins
  2 quokkas (D:1)
  4 bats
  4 kobolds
  4 rats
28 creatures vanquished.

Notes
Turn   | Place    | Note
-------+----------+-------------------------------------------
     0 | D:1      | qw the Gargoyle Hexslinger began the quest for the Orb.
     0 | D:1      | Reached XP level 1. HP: 12/12 MP: 2/2
     0 | D:1      | 0 ||| qw: Version: 0.3-a-52-g30416fa
     0 | D:1      | 0 ||| qw: Game counter: 4838
     0 | D:1      | 0 ||| qw: Melee chars always use a shield: true
     0 | D:1      | 0 ||| qw: God list: Okawaru
     0 | D:1      | 0 ||| qw: Allow faded altars: false
     0 | D:1      | 0 ||| qw: Do Orc after clearing Dungeon:15 true
     0 | D:1      | 0 ||| qw: Do second Lair branch before Depths: true
     0 | D:1      | 0 ||| qw: Lair rune preference: random
     0 | D:1      | 0 ||| qw: Goals: Normal
     0 | D:1      | 0 ||| PLANNING D:1-11
   223 | D:1      | Reached XP level 2. HP: 16/16 MP: 3/3
   341 | D:1      | Reached skill level 3 in Ranged Weapons
  1001 | D:1      | 1001 ||| UPGRADING to scarf of repulsion.
  1006 | D:1      | 1006 ||| READING scroll labelled NUOSYN NOPPOD.
  1009 | D:1      | 1009 ||| DROPPING scroll of poison.
  1061 | D:2      | Found a faded altar of an unknown god.
  1098 | D:2      | Reached XP level 3. HP: 21/21 MP: 4/4
  1278 | D:2      | 1278 ||| FLEEEEING.
  1279 | D:2      | 1279 ||| FLEEEEING.
  1280 | D:2      | 1280 ||| FLEEEEING.
  1281 | D:2      | 1281 ||| FLEEEEING.
  1282 | D:2      | 1282 ||| FLEEEEING.
  1283 | D:2      | 1283 ||| FLEEEEING.
  1462 | D:2      | Found Qaaps's Assorted Antiques.
  1466 | D:2      | 1466 ||| BUYING bubbling grey potion (23 gold).
  1466 | D:2      | Bought a bubbling grey potion for 23 gold pieces
  1466 | D:2      | 1466 ||| SHOPLISTING encrusted bone wand (104 gold, have
                  | 46).
  1466 | D:2      | 1466 ||| SHOPLISTING onyx ring (130 gold, have 46).
  1466 | D:2      | 1466 ||| BUYING scroll labelled NEENONWAWYL (26 gold).
  1466 | D:2      | Bought a scroll labelled NEENONWAWYL for 26 gold pieces
  1466 | D:2      | 1466 ||| SHOPLISTING scroll labelled NEENONWAWYL (26 gold,
                  | have 20).
  1466 | D:2      | 1466 ||| SHOPLISTING scroll of teleportation (78 gold, have
                  | 20).
  1466 | D:2      | 1466 ||| SHOPLISTING sedimented clear potion (23 gold, have
                  | 20).
  1466 | D:2      | 1466 ||| UPGRADING to +0 ring mail.
  1476 | D:2      | 1476 ||| DROPPING +0 robe.
  1477 | D:2      | 1477 ||| UPGRADING to +6 ring of dexterity.
  1478 | D:2      | 1478 ||| READING 2 scrolls labelled NEENONWAWYL.
  1479 | D:2      | 1479 ||| READING scroll labelled BUDIUNTI CUUP.
  1525 | D:3      | Noticed Terence
  1531 | D:3      | 1531 ||| UPGRADING to amulet of guardian spirit.
  1531 | D:3      | HP: 2/21 [Terence/+0 trident (6)]
  1534 | D:3      | Slain by Terence

Levels and vault maps discovered:
D:1:      lemuel_arrival_river_ford, layout_basic, minmay_fountain_box
D:2:      layout_rooms, ebering_ecumenical_altar_rust, serial_shops,
          nicolae_shop_back_alley_shop, minivault_11
D:3:      layout_loops_ring, minmay_misc_feat_doors, uniq_terence,
          uniq_crazy_yiuf_cottage

Skill      XL: |  1  2 |
---------------+-------+-----
Ranged Weapons | 3 |  3.4
Fighting       | 2 |  2.0
Dodging        | |  1.5
Spellcasting   | |  1.0
Hexes          | |  2.6

Action                     || total
---------------------------++-------
   Fire: Sling             ||   112
    Use: Scroll            ||     3
 Armour: Robe              ||    22
  Dodge: Dodged            ||    34
         Repelled          ||     4

Table legend:
 A = Non-vault XP
 B = Vault XP
 C = Vault XP percentage of total XP
 D = Non-vault monster count
 E = Vault monster count
 F = Vault count percentage of total count
                 A         B        C        D         E       F
            +---------+---------+-------+---------+---------+-------
      Total |      57 |       0 |   0.0 |      28 |       0 |   0.0
            +---------+---------+-------+---------+---------+-------
        D:1 |      29 |       0 |   0.0 |      17 |       0 |   0.0
        D:2 |      27 |       0 |   0.0 |      10 |       0 |   0.0
        D:3 |       1 |       0 |   0.0 |       1 |       0 |   0.0
            +---------+---------+-------+---------+---------+-------
